 Dungeon Crawl Stone Soup version 0.24.0-29-g8ce449bc06 (webtiles) character file.

Game seed: 13779208144052127805, levelgen mode: deterministic

949 Descartes the Insei (level 8, -5/39 HPs)
             Began as a Vine Stalker Monk on Nov 14, 2019.
             Slain by a troll (7 damage)
             ... on level 6 of the Dungeon.
             The game lasted 00:12:33 (5658 turns).

Descartes the Insei (Vine Stalker Monk)             Turns: 5658, Time: 00:12:33

Health: -5/39      AC:  5    Str: 24    XL:     8   Next: 13%
Magic:  0/9        EV: 13    Int: 12    God:
Gold:   699        SH:  7    Dex: 17    Spells: 7/7 levels left

rFire    . . .     SeeInvis .     - Unarmed
rCold    + . .     Gourm    .   l - +2 buckler
rNeg     . . .     Faith    .   k - +0 ring mail {rC+}
rPois    .         Spirit   +   (no helmet)
rElec    +         Reflect  .   (no cloak)
rCorr    .         Harm     .   (no gloves)
MR       +....                  (no boots)
Stlth    ++........             (no amulet)
HPRegen  0.53/turn              o - +5 ring of strength
MPRegen  0.11/turn              v - ring "Asaqarim" {rElec Str+5}

@: no status effects
A: fangs 3, regeneration 1, magic shield, antimagic bite, no potion heal 3, rot
immunity
a: no special abilities


You were on level 6 of the Dungeon.
You were not hungry.

You visited 1 branch of the dungeon, and saw 6 of its levels.

You collected 699 gold pieces.

Inventory:

Hand Weapons
 t - a +0 dagger of venom
 y - a +3 dagger
Missiles
 d - 53 arrows
 e - 116 stones (quivered)
 g - 17 bolts
 h - 29 poisoned darts
 s - 44 sling bullets
Armour
 k - a +0 ring mail of cold resistance (worn)
 l - a +2 buckler (worn)
 J - a +0 pair of boots
Jewellery
 o - a +5 ring of strength (left hand)
 p - a +3 ring of intelligence
 v - the ring "Asaqarim" (right hand) {rElec Str+5}
   (You found it on level 5 of the Dungeon)

   [ring of strength]

   It affects your strength (+5).
   It insulates you from electricity.
 H - an uncursed ring of wizardry
Wands
 w - a wand of random effects (21)
 D - a wand of scattershot (6)
 E - a wand of flame (33)
Scrolls
 a - a scroll of identify
 f - a scroll of amnesia {unknown}
 m - 2 scrolls of teleportation {unknown}
 n - 2 scrolls of remove curse
 q - a scroll of magic mapping {unknown}
 C - a scroll of fog
 F - a scroll of blinking {unknown}
 I - a scroll of torment {unknown}
Potions
 c - 2 potions of magic
 i - 2 potions of flight
 j - 4 potions of curing
 r - a potion of heal wounds {unknown}
 u - 2 potions of agility
 x - a potion of mutation {unknown}
 z - a potion of might
 A - a potion of brilliance {unknown}
 B - 2 potions of invisibility {unknown}
 G - a potion of degeneration {unknown}
Comestibles
 b - 12 rations


   Skills:
 - Level 2.6 Fighting
 * Level 3.0 Armour
 + Level 4.0 Dodging
 - Level 5.0 Stealth
 * Level 2.6 Shields
 * Level 6.2 Unarmed Combat
 + Level 0.4 Evocations


You had 7 spell levels left.
You didn't know any spells.
Your spell library was empty.

Dungeon Overview and Level Annotations

Branches:
Dungeon (6/15)
 Temple: D:4-7

Altars:
Elyvilon
Makhleb
Ru
Vehumet

Shops:
D:4 (


Innate Abilities, Weirdness & Mutations

You have razor-sharp teeth.
Your natural rate of healing is unusually fast.
When hurt, damage is shared between your health and your magic reserves.
Your bite disrupts and absorbs the magic of your enemies.
Potions cannot restore your health.
You are immune to rotting.


Message History

An iguana comes into view.
The iguana hisses angrily.
A hound comes into view.
The crimson imp blinks!
The troll bites you. The troll claws you. You block the troll's attack.
You barely miss the troll. Your bite misses the troll. You hit the troll.
Your bite misses the troll.
The troll is lightly wounded.
The troll bites you! You block the troll's attack. The troll claws you!
You are too injured to fight recklessly!
You hit the troll.
The troll is moderately wounded.
The troll bites you!
* * * LOW HITPOINT WARNING * * *
The troll misses you. The troll claws you.
* * * LOW HITPOINT WARNING * * *
You hit the troll.
The troll is moderately wounded.
The troll bites you!
You die...

#### #..#
#.....#@#
..#.####T#


hl# 5#.# ##### You could see a troll, an iguana, a hound and a crimson imp.

Vanquished Creatures
  Menkaure (D:4)
  Blork the orc (D:4)
  2 scorpions
  2 crimson imps (D:5)
  A bullfrog zombie (D:5)
  4 hounds
  An orc priest (D:4)
  2 orc wizards
  An iguana (D:5)
  Ijyb (D:4)
  2 worker ants (D:5)
  Natasha (D:3)
  A hound zombie (D:5)
  A hound skeleton (D:5)
  A howler monkey skeleton (D:4)
  4 adders
  3 gnolls (D:5)
  2 shadow imps (D:5)
  2 worms
  5 dart slugs
  6 leopard geckos
  7 orcs
  4 bats
  5 giant cockroaches
  8 goblins
  7 hobgoblins
  12 jackals
  4 quokkas
  3 frilled lizards
  5 kobolds
  7 rats
  A plant (D:5)
107 creatures vanquished.

Vanquished Creatures (others)
  An ooze (D:2)
  2 worms (D:2)
  A quokka (D:3)
  4 toadstools (D:1)
8 creatures vanquished.

Grand Total: 115 creatures vanquished

Notes
Turn   | Place    | Note
-------+----------+-------------------------------------------
     0 | D:1      | Descartes the Vine Stalker Monk began the quest for the
                  | Orb.
     0 | D:1      | Reached XP level 1. HP: 11/11 MP: 2/2
   272 | D:1      | Reached XP level 2. HP: 16/16 MP: 3/3
   825 | D:1      | Reached XP level 3. HP: 19/19 MP: 4/4
  1602 | D:2      | Found a radiant altar of Vehumet.
  2275 | D:3      | Found a white marble altar of Elyvilon.
  2323 | D:3      | Gained mutation: Your natural rate of healing is unusually
                  | fast. [Vine Stalker growth]
  2323 | D:3      | Reached XP level 4. HP: 20/23 MP: 5/5
  2361 | D:3      | Reached skill level 1 in Armour
  2478 | D:3      | Found a burning altar of Makhleb.
  2518 | D:3      | Reached skill level 4 in Unarmed Combat
  2695 | D:3      | You fall into a shaft and drop 2 floors!
  2695 | D:5      | Entered Level 5 of the Dungeon
  2700 | D:5      | Reached XP level 5. HP: 19/27 MP: 6/6
  2780 | D:5      | Got a steaming copper ring
  2782 | D:5      | Identified the ring "Asaqarim" {rElec Str+5} (You found it
                  | on level 5 of the Dungeon)
  3120 | D:5      | Reached XP level 6. HP: 17/32 MP: 3/7
  3330 | D:5      | Reached skill level 5 in Unarmed Combat
  3364 | D:4      | Noticed Menkaure
  3374 | D:4      | Killed Menkaure
  3374 | D:4      | Reached XP level 7. HP: 35/35 MP: 8/8
  3694 | D:3      | Noticed Natasha
  3706 | D:3      | Killed Natasha
  4064 | D:4      | Reached skill level 5 in Stealth
  4064 | D:4      | Reached skill level 1 in Shields
  4147 | D:4      | Noticed Blork the orc
  4155 | D:4      | Killed Blork the orc
  4201 | D:4      | Found Qaemes's Antique Weapon Boutique.
  4575 | D:4      | Noticed Ijyb
  4593 | D:4      | Killed Ijyb
  4844 | D:5      | Reached skill level 6 in Unarmed Combat
  4939 | D:5      | Gained mutation: You have razor-sharp teeth. [Vine Stalker
                  | growth]
  4939 | D:5      | Reached XP level 8. HP: 38/39 MP: 7/9
  5118 | D:5      | Found a sacrificial altar of Ru.
  5653 | D:6      | Noticed a troll
  5657 | D:6      | HP: 1/39 [troll (4)]
  5658 | D:6      | Slain by a troll

Levels and vault maps discovered:
D:1:      ldierk_walled_garden_2, layout_loops_corners, serial_rivers,
          chequers_serial_rivers_room_b, chequers_serial_rivers_room_b,
          chequers_serial_rivers_marsh, chequers_serial_rivers_large_b,
          chequers_serial_rivers_small_3, dk_noncrumbling_3
D:2:      layout_loops_ring, fiery_altar_vehumet, first_ration
D:3:      layout_basic, lemuel_doored_altar, elyvilon_altar_4, uniq_natasha
D:4:      layout_gridville, serial_shops, shop, uniq_ijyb, uniq_menkaure,
          uniq_blork_the_orc
D:5:      minmay_polygon_palace, layout_loops_corners, nicolae_ru_path_of_blood,
          serial_bayou, serial_bayou_shore_b, serial_bayou_pond_d,
          serial_bayou_pond_e, serial_bayou_lagoon_a, minmay_pentangle
D:6:      minmay_angry_zag, layout_loops_cross, overflow_temple_1_default,
          kennysheep_little_box, roderic_lattice_a

Skill      XL: |  1  2  3  4  5  6  7  8 |
---------------+-------------------------+-----
Stealth        | 3 4 5 |  5.0
Armour         | 1 2 3 |  3.0
Unarmed Combat | 4 5 6 |  6.2
Dodging        | 3 4 |  4.0
Shields        | 2 |  2.6
Fighting       | |  2.6
Evocations     | |  0.4

Action                   |  1- 3 |  4- 6 |  7- 9 || total
-------------------------+-------+-------+-------++-------
Melee: Unarmed           |    64 |   107 |   165 ||   336
       Bite              |    25 |    44 |    57 ||   126
       Spear             |    68 |       |       ||    68
       Punch             |     1 |     1 |       ||     2
  Use: Scroll            |     5 |     3 |       ||     8
       Potion            |       |     1 |       ||     1
 Stab: Sleeping          |    15 |     7 |     5 ||    27
       Distracted        |       |       |     1 ||     1
  Eat: Chunk             |     5 |     3 |     7 ||    15
Armor: Robe              |     4 |       |       ||     4
       Leather armour    |    15 |    19 |    18 ||    52
       Ring mail         |    23 |       |     4 ||    27
Dodge: Dodged            |    85 |    46 |    68 ||   199
Block: Buckler           |       |       |    32 ||    32
